[Event "Live Chess"]
[Site "Chess.com"]
[Date "2023.05.20"]
[Round "-"]
[White "kevinmilleruk"]
[Black "KajusM"]
[Result "0-1"]
[WhiteElo "1113"]
[BlackElo "2284"]
[TimeControl "300"]
[EndTime "12:08:02 PDT"]
[Termination "KajusM won by resignation"]

1. c4 e5 2. Nc3 Bc5 3. g3 Nf6 4. Bg2 O-O 5. d3 d6 6. Bg5 Nc6 7. Nf3 Be6 8. O-O Qd7 9. e3 Bh3 10. a3 a5 11. b4 axb4 12. axb4 Bxb4 13. Rxa8 Rxa8 14. Bxf6 Bxc3 15. Bh4 Bxg2 16. Kxg2 f6 17. Qb3 Bb4 18. d4 e4 19. Ng1 Ra3 20. Qb2 g5 21.
d5 Bc5 22. dxc6 bxc6 23. Bxg5 fxg5 24. Qb8+ Kg7 25. Qb2+ Kf7 26. Nh3 Qf5 27. f4 g4 28.
Ng5+ Kg6 29. Qh8 Kh6 30. Qe8 Ra2+ 31. Rf2 Rxf2+ 32. Kxf2 d5 33. cxd5 cxd5 34. Nf7+ Kg7 35. Ne5 d4 36. exd4 Bxd4+ 37. Kg2 Bxe5 38. Qxe5+ Qxe5 39. fxe5 Kf7 40. Kf2 Ke6 41. Ke3 Kxe5 42. Ke2 Kd4 43.
Kf2 Kd3 44. Ke1 Ke3 45. Kf1 Kf3 46. Ke1 e3 47. Kf1 e2+ 48. Ke1 c5 49. Kd2 c4 50.
Ke1 c3 51. h4 c2 52. Kd2 c1=Q+ 53. Kxc1 e1=Q+ 54. Kc2 Qxg3 55. Kc3 Qxh4 0-1

[Event "Live Chess"]
[Site "Chess.com"]
[Date "2023.05.20"]
[Round "-"]
[White "AttackingSnowLeopard"]
[Black "booktrunk"]
[Result "1-0"]
[WhiteElo "2043"]
[BlackElo "1330"]
[TimeControl "300"]
[EndTime "12:08:08 PDT"]
[Termination "AttackingSnowLeopard won by resignation"]

1. d4 d5 2. c4 dxc4 3. Nf3 b6 4. e3 Ba6 5. Nc3 e6 6. Ne5 b5 7. Qf3 f6 8. Qh5+ Ke7 9. Qf7+ Kd6 10. Ne4+ Kd5 11. Ng5 fxg5 12. Be2 Qe7 13. Bf3+ Kd6 14. Qh5 Nf6 15. Qh3 Nc6 16. Nxc6 Qd7 17. Qg3+ 1-0

[Event "Live Chess"]
[Site "Chess.com"]
[Date "2023.05.20"]
[Round "-"]
[White "ACx04"]
[Black "smoggyrabbit"]
[Result "0-1"]
[WhiteElo "429"]
[BlackElo "1619"]
[TimeControl "300"]
[EndTime "12:08:10 PDT"]
[Termination "smoggyrabbit won by checkmate"]

1. e4 e6 2. Bc4 d5 3. Nf3 dxc4 4.
Ne5 Nf6 5. Qf3 b6 6. d3 cxd3 7.
cxd3 Bb7 8. Bg5 Be7 9. O-O O-O 10.
Bxf6 Bxf6 11. Ng4 Bxb2 12. Nc3 Bxc3 13. Rac1 Bd4 14. Rc4 c5 15. h4 Qxh4 16. g3 Qe7 17.
a4 Nd7 18. Kg2 Nf6 19. Nxf6+ Qxf6 20. Qxf6 Bxf6 21. Rh1 Ba6 22. Rcc1 Bxd3 23. Rcd1 Bxe4+ 24. f3 Bc6 25. Rde1 Rad8 26. Kh3 Bxf3 27. Ref1 Bxh1 28. Rxh1 Rd3 29. Kg4 Rfd8 30. Rh3 R8d4+ 31. Kh5 g6+ 32. Kh6 Rxg3 33. Rxg3 Rh4# 0-1

[Event "Live Chess"]
[Site "Chess.com"]
[Date "2023.05.20"]
[Round "-"]
[White "Ayush_prahlad_Gupta"]
[Black "zdanevych"]
[Result "1-0"]
[WhiteElo "1794"]
[BlackElo "1499"]
[TimeControl "300"]
[EndTime "12:08:12 PDT"]
[Termination "Ayush_prahlad_Gupta won by checkmate"]

1. e4 c5 2. Nc3 e6 3. d4 d5 4.
exd5 exd5 5. dxc5 Bxc5 6. Nf3 Be6 7. Bf4 Nf6 8. Bb5+ Nc6 9. Ne5 Qb6 10. Nxc6 bxc6 11. Bd3 Bxf2+ 12. Kf1 Bg4 13. Be2 h5 14. Bxg4 Nxg4 15. Qe2+ Kf8 16. h3 Ne3+ 17. Bxe3 Qxe3 18. Qxf2 Qe5 19. Re1 Qd6 20. Kg1 g6 21. Rf1 Qd7 22. Qf6 Qe7 23. Qxh8# 1-0

[Event "Live Chess"]
[Site "Chess.com"]
[Date "2023.05.20"]
[Round "-"]
[White "jameskwong"]
[Black "ReceptiveCamel"]
[Result "1-0"]
[WhiteElo "2141"]
[BlackElo "640"]
[TimeControl "300"]
[EndTime "12:08:14 PDT"]
[Termination "jameskwong won by checkmate"]

1. d4 d5 2. Bf4 Bf5 3. e3 Nc6 4. c4 dxc4 5. Bxc4 Nf6 6. Qb3 e6 7. Qxb7 Bxb1 8. Qxc6+ Ke7 9. Rxb1 Nh5 10. Bg5+ f6 11.
Qxe6# 1-0

[Event "Live Chess"]
[Site "Chess.com"]
[Date "2023.05.20"]
[Round "-"]
[White "JackRudd"]
[Black "Chesscoach_Golichenko"]
[Result "1-0"]
[WhiteElo "2479"]
[BlackElo "2648"]
[TimeControl "300"]
[EndTime "12:08:24 PDT"]
[Termination "JackRudd won by resignation"]

1. d4 Nf6 2. c4 e6 3. Nc3 Bb4 4.
f3 d5 5. a3 Bxc3+ 6. bxc3 c5 7. cxd5 exd5 8. e3 O-O 9. Bd3 Re8 10. Ne2 Nc6 11. O-O c4 12. Bb1 b5 13. Ng3 a5 14. e4 Rb8 15. e5 Nd7 16. f4 b4 17.
f5 bxc3 18. f6 g6 19. Nf5 Qb6 20. Kh1 Ndxe5 21. Nh6+ Kf8 22. dxe5 d4 23. Bf4 Nxe5 24. Be4 d3 25. Qc1 Qd4 26. Be3 Qd6 27. Qxc3 Bb7 28. Bxb7 Rxb7 29. Qxa5 Rc8 30. Bf4 Qc5 31. Qxc5+ Rxc5 32.
Rae1 Rbb5 33. Ng4 d2 34. Bh6+ Ke8 35. Bxd2 1-0

[Event "Live Chess"]
[Site "Chess.com"]
[Date "2023.05.20"]
[Round "-"]
[White "olahgito"]
[Black "alanmike75"]
[Result "0-1"]
[WhiteElo "728"]
[BlackElo "1510"]
[TimeControl "300"]
[EndTime "12:08:41 PDT"]
[Termination "alanmike75 won on time"]

1. e4 e5 2. Nf3 d6 3. d4 exd4 4. Nxd4 Nf6 5. Bg5 Be7 6. Nc3 O-O 7. f4 h6 8. Bxf6 Bxf6 9. Nf3 Re8 10. Bd3 Nc6 11.
O-O Bg4 12. a4 Nd4 13. h3 Nxf3+ 14. gxf3 Bxh3 15. Rf2 Bd7 16. Qd2 Bd4 17. Kf1 Bxf2 18. Qxf2 c6 19. Ke2 f5 20. b4 fxe4 21. fxe4 Qf6 22. Kd2 c5 23. bxc5 dxc5 24. Qxc5 Rac8 25. Qb4 Bc6 26. Bc4+ Kh8 27. Ra3 Qxf4+ 28. Kd3 Rcd8+ 29. Bd5 Bxd5 30. Nxd5 Rxd5+ 31. Kc4 Qxe4+ 32. Kb3 Qxb4+ 33. Kxb4 Re4+ 34. Kb3 Re3+ 35. Kb2 Rxa3 36. Kxa3 a5 37. Kb3 h5 38. Kc4 Rd1 39. Kb5 h4 40. Kxa5 h3 41.
Kb6 Rb1+ 42. Ka7 h2 43. c4 h1=Q 44. c5 Qc6 45. a5 Qxc5+ 46. Kb8 g5 0-1

[Event "Live Chess"]
[Site "Chess.com"]
[Date "2023.05.20"]
[Round "-"]
[White "Geomorph"]
[Black "1600x"]
[Result "1/2-1/2"]
[WhiteElo "1239"]
[BlackElo "1693"]
[TimeControl "300"]
[EndTime "12:08:46 PDT"]
[Termination "Game drawn by repetition"]

1. e4 e5 2. Nf3 Qe7 3. Bc4 Nf6 4. O-O h6 5. d4 d6 6. dxe5 dxe5 7. Nc3 Nc6 8. Nd5 Qd8 9. Nxf6+ Qxf6 10. Qd3 Bg4 11. Qb3 Bxf3 12. gxf3 Rb8 13. Bd5 Nd4 14. Qa4+ Nc6 15.
Be3 a6 16. Qb3 Na5 17. Qa4+ Nc6 18. Qb3 Na5 19. Qa4+ Nc6 1/2-1/2

[Event "Live Chess"]
[Site "Chess.com"]
[Date "2023.05.20"]
[Round "-"]
[White "OceanFloater"]
[Black "TDCMF"]
[Result "1-0"]
[WhiteElo "979"]
[BlackElo "360"]
[TimeControl "300"]
[EndTime "12:08:46 PDT"]
[Termination "OceanFloater won by checkmate"]

1. e4 e5 2. Bc4 Bc5 3. Qf3 Nf6 4. Ne2 b5 5. Bb3 h5 6. d4 exd4 7. e5 Rh6 8. exf6 Rxf6 9. Qxa8 Bb7 10. Qxb7 d6 11.
Bg5 Rf5 12. Bxd8 Kxd8 13. Qxb8+ Kd7 14. Qxb5+ c6 15. Qb7+ Ke8 16. Qxc6+ Kd8 17. Qa8+ Kd7 18. Qb7+ Ke8 19. Qc8+ Ke7 20. Qxf5 f6 21. Qxh5 Bb4+ 22.
c3 Bxc3+ 23. Nbxc3 dxc3 24. Nxc3 d5 25. Bxd5 g6 26.
Qxg6 Kd6 27. Rd1 Kc5 28. Qxf6 a5 29. Qd4+ Kd6 30. Bb3+ Kc6 31. Qd5+ Kb6 32. Qd6+ Kb7 33. Qd7+ Kb6 34. Rd6+ Kc5 35. Qc6+ Kb4 36. Qb5# 1-0

[Event "Live Chess"]
[Site "Chess.com"]
[Date "2023.05.20"]
[Round "-"]
[White "ameetghasi100"]
[Black "brownbear2704"]
[Result "1-0"]
[WhiteElo "2705"]
[BlackElo "1217"]
[TimeControl "300"]
[EndTime "12:08:56 PDT"]
[Termination "ameetghasi100 won by checkmate"]

1. d4 d5 2. c3 c6 3. Nf3 Bg4 4. Ne5 Bh5 5. g4 Bg6 6. h4 Be4 7. f3 Bxb1 8. Rxb1 e6 9. e4 Bd6 10. exd5 cxd5 11. Bb5+ Nd7 12. Bxd7+ Kf8 13. Ba4 Ne7 14. h5 h6 15. Qe2 Rc8 16. Bf4 Qb6 17. Nd7+ Ke8 18. Nxb6+ Kd8 19. Nxc8 Kxc8 20. Bxd6 Rd8 21.
Bh2 a6 22. Qe5 b5 23. Qc7# 1-0

[Event "Live Chess"]
[Site "Chess.com"]
[Date "2023.05.20"]
[Round "-"]
[White "thrithik"]
[Black "chessfiction"]
[Result "0-1"]
[WhiteElo "455"]
[BlackElo "2412"]
[TimeControl "300"]
[EndTime "12:08:56 PDT"]
[Termination "chessfiction won by checkmate"]

1. a3 e5 2. b3 Bc5 3. c3 Qf6 4.
d4 exd4 5. cxd4 Bxd4 6. Bb2 Qxf2+ 7. Kd2 Bxb2 8. Ra2 Bf6 9. Qe1 Bg5+ 10. Kd1 Qd4+ 11. Nd2 d5 12. Qg3 Bg4 13. Qxc7 Nc6 14. Qxb7 Rc8 15. Qxa7 Qxa7 16. Ne4 Qd4+ 17. Nd2 Nf6 18. Rc2 O-O 19. Ke1 Qa1+ 20. Rc1 Qxc1+ 21. Kf2 Qxd2 22. Nf3 Ne4+ 23. Kg1 Qe3# 0-1

[Event "Live Chess"]
[Site "Chess.com"]
[Date "2023.05.20"]
[Round "-"]
[White "BillythekidFellowes"]
[Black "LiamBellwood"]
[Result "1-0"]
[WhiteElo "2047"]
[BlackElo "2063"]
[TimeControl "300"]
[EndTime "12:09:01 PDT"]
[Termination "BillythekidFellowes won by checkmate"]

1. c4 e6 2. Nc3 f5 3. d4 Nf6 4.
Bg5 Bb4 5. a3 Bxc3+ 6. bxc3 h6 7. Bxf6 Qxf6 8. e3 O-O 9. Nf3 b6 10. Be2 Bb7 11. Rb1 d6 12. O-O Nd7 13. Qa4 Rf7 14. Rfd1 e5 15. dxe5 Nxe5 16. Nxe5 dxe5 17. c5 Qg5 18. c6 Bc8 19. Bc4 f4 20. Qb3 f3 21. Bxf7+ Kh7 22. g3 Qf5 23. Bc4 a5 24. Qa4 Ba6 25. Bxa6 Rxa6 26. Qc4 Ra8 27. Rb5 Qh3 28.
Qf1 Qe6 29. Rdd5 e4 30. Re5 Qxc6 31. Qb1 Re8 32. Rbd5 Rxe5 33. Rxe5 Qxc3 34. Qxe4+ Kg8 35. Re8+ Kf7 36. Qe6# 1-0

[Event "Live Chess"]
[Site "Chess.com"]
[Date "2023.05.20"]
[Round "-"]
[White "mightysmasher"]
[Black "Judgen68"]
[Result "1-0"]
[WhiteElo "2115"]
[BlackElo "1276"]
[TimeControl "300"]
[EndTime "12:09:01 PDT"]
[Termination "mightysmasher won on time"]

1. e4 Nf6 2. e5 Nd5 3. c4 Nb6 4.
d4 d6 5. Nf3 g6 6. Nc3 Bg7 7.
Be2 O-O 8. O-O dxe5 9. d5 Bg4 10. c5 N6d7 11. d6 exd6 12. cxd6 cxd6 13. Qxd6 Qb6 14.
Qxb6 Nxb6 15. Be3 Nc6 16. h3 Be6 17. Rad1 Rfd8 18. Nb5 Bxa2 19. Rxd8+ Rxd8 20. Nxa7 Nc4 21. Nxc6 bxc6 22. Bxc4 Bxc4 23. Rc1 Bd5 24. Nd2 Rb8 25. Nc4 f5 26. Na5 Rxb2 27. Nxc6 f4 28. Ne7+ Kf8 29. Nxd5 fxe3 30. Nxe3 Rb8 31. g3 Bh6 32. Rc3 Bxe3 33. Rxe3 Rb5 34. Kg2 Kf7 35. Kf3 Kf6 36.
g4 Rb6 37. Ke4 Rb4+ 38. Kd5 Rb2 39. Rf3+ Ke7 40. Kxe5 Re2+ 41. Kf4 Ke6 42. Kg5 Re5+ 43. Kh6 Rh5+ 44. gxh5 1-0

[Event "Live Chess"]
[Site "Chess.com"]
[Date "2023.05.20"]
[Round "-"]
[White "JoshMcK"]
[Black "onemoretime1975"]
[Result "0-1"]
[WhiteElo "1551"]
[BlackElo "1927"]
[TimeControl "300"]
[EndTime "12:09:01 PDT"]
[Termination "onemoretime1975 won by resignation"]

1. e4 e5 2. Nf3 d6 3. d4 exd4 4.
Nxd4 Nf6 5. Nc3 Nc6 6. Bf4 Nxd4 7. Qxd4 Be7 8. O-O-O O-O 9. e5 Ne8 10. Nd5 Bg5 11. exd6 cxd6 12. Bxg5 Qxg5+ 13. Kb1 Be6 14. Ne3 Qa5 15. Bc4 d5 16. Bb3 Nf6 17. Nxd5 Nxd5 18. Bxd5 Rad8 19. Qc4 Bxd5 20. Rxd5 Qxd5 21. Qxd5 Rxd5 22.
b3 Rfd8 0-1

[Event "Live Chess"]
[Site "Chess.com"]
[Date "2023.05.20"]
[Round "-"]
[White "flyingpuffins"]
[Black "domrobson"]
[Result "1-0"]
[WhiteElo "1968"]
[BlackElo "1757"]
[TimeControl "300"]
[EndTime "12:09:02 PDT"]
[Termination "flyingpuffins won by resignation"]

1. e4 e5 2. Nc3 Nf6 3. Bc4 Nxe4 4. Qh5 Nd6 5. Bb3 Na6 6. Qxe5+ Qe7 7. Qxe7+ Bxe7 8.
Nf3 O-O 9. O-O c6 10. d4 Bf6 11. Bf4 Ne8 12. d5 Nc5 13. Bc4 b5 14. Bd3 Bb7 15. dxc6 Bxc6 16. Bxb5 Bxc3 17. Bxc6 dxc6 18. bxc3 Nf6 19. Bd6 1-0

[Event "Live Chess"]
[Site "Chess.com"]
[Date "2023.05.20"]
[Round "-"]
[White "Brooms1989"]
[Black "EdenHazard8"]
[Result "0-1"]
[WhiteElo "1005"]
[BlackElo "2090"]
[TimeControl "300"]
[EndTime "12:09:05 PDT"]
[Termination "EdenHazard8 won by checkmate"]

1. e4 c6 2. d4 d5 3. f3 Nd7 4.
Bd3 e5 5. Ne2 Ngf6 6. dxe5 Nxe5 7. O-O Bc5+ 8. Kh1 O-O 9. Bf4 Ng6 10. Bg3 Be6 11. e5 Nh5 12. Bf2 Bxf2 13. Rxf2 Qh4 14.
g3 Qb4 15. b3 Nxe5 16. Nd2 Nxd3 17. cxd3 Rae8 18. a3 Qb6 19. Rg2 Qe3 20. g4 Nf6 21.
Ng3 Qxd3 22. b4 d4 23. Nf5 Bxf5 24. gxf5 Qxf5 25. Qg1 g6 26. Nf1 Qxf3 27. Ng3 Ng4 28. Rf1 Qd5 29. Ne2 Rxe2 30. Rf2 Nxf2+ 31. Qxf2 Rxf2 32.
Kg1 Qxg2# 0-1

[Event "Live Chess"]
[Site "Chess.com"]
[Date "2023.05.20"]
[Round "-"]
[White "Demyan7777"]
[Black "jennybobby44"]
[Result "1-0"]
[WhiteElo "1664"]
[BlackElo "1876"]
[TimeControl "300"]
[EndTime "12:09:15 PDT"]
[Termination "Demyan7777 won by checkmate"]

1. e4 c5 2. Nf3 d6 3. d4 cxd4 4. Nxd4 Nf6 5. Nc3 a6 6. Be3 e5 7. Nb3 Be6 8. Be2 Be7 9. Qd2 Qc7 10. O-O b5 11. f4 Nbd7 12. f5 Bxb3 13. axb3 Nb6 14.
g4 b4 15. Nd5 Nfxd5 16. exd5 a5 17. Bf3 f6 18. Qf2 Nd7 19. Rfc1 Qb7 20. c3 Nc5 21. Bxc5 dxc5 22. d6 e4 23. Re1 exf3 24. Rxe7+ Qxe7 25. dxe7 Rc8 26. Re1 Kf7 27. Qxf3 Rhe8 28. Qd5# 1-0

[Event "Live Chess"]
[Site "Chess.com"]
[Date "2023.05.20"]
[Round "-"]
[White "Duke_of_Bebington"]
[Black "OleksiyJr1"]
[Result "1-0"]
[WhiteElo "1574"]
[BlackElo "933"]
[TimeControl "300"]
[EndTime "12:09:17 PDT"]
[Termination "Duke_of_Bebington won by resignation"]

1. e4 c5 2. c3 Nc6 3. d4 cxd4 4. cxd4 d5 5. exd5 Qxd5 6. Nc3 Qxd4 7. Be3 Qxd1+ 8. Rxd1 Nf6 9. Nb5 Bd7 10. Nc7+ Kd8 11. Nxa8 e6 12. Bb5 Bb4+ 13. Kf1 Ke7 14. Nc7 a6 15.
Bxa6 Na7 16. Bxb7 Nd5 17. Bxd5 exd5 18. Nxd5+ Ke6 19. Nxb4 Bb5+ 20. Ne2 1-0

[Event "Live Chess"]
[Site "Chess.com"]
[Date "2023.05.20"]
[Round "-"]
[White "MartinWalker4"]
[Black "LL220284LL"]
[Result "0-1"]
[WhiteElo "2074"]
[BlackElo "2395"]
[TimeControl "300"]
[EndTime "12:09:20 PDT"]
[Termination "LL220284LL won by resignation"]

1. e4 d5 2. exd5 Qxd5 3. Nc3 Qa5 4. d4 c6 5. Nf3 Nf6 6. Ne5 Nbd7 7. f4 e6 8. Be2 Bd6 9. O-O O-O 10. Nc4 Qc7 11.
Nxd6 Qxd6 12. Be3 Nd5 13. Nxd5 exd5 14. Bf3 Nf6 15. Qd2 Re8 16. Rfe1 Bf5 17. Bf2 Be4 18. Kh1 Bxf3 19. gxf3 Qd7 20. Re5 Qh3 21. Qe2 Kf8 22. Re1 Qd7 23. Bh4 Ng8 24. f5 f6 25. Re6 Ne7 26. Bxf6 Nxf5 27. Rxe8+ Rxe8 28. Qxe8+ Qxe8 29. Rxe8+ Kxe8 30. Be5 Kf7 31. Kg2 Ne3+ 32. Kg3 Nxc2 33. Kf4 Nb4 34. Bb8 a6 35. Ke5 Nxa2 36. Kd6 Nb4 37.
Kc7 b5 38. Kb6 Ke6 39. Kc5 a5 40. Kb6 Kd7 41. Kxa5 Nd3 42. b3 Ne1 43. Be5 Nxf3 44. Bxg7 Nxh2 0-1

[Event "Live Chess"]
[Site "Chess.com"]
[Date "2023.05.20"]
[Round "-"]
[White "BritishIsles"]
[Black "Man-Del-Brot"]
[Result "1-0"]
[WhiteElo "2413"]
[BlackElo "1175"]
[TimeControl "300"]
[EndTime "12:09:24 PDT"]
[Termination "BritishIsles won by resignation"]

1. d4 Nf6 2. Bg5 Ne4 3. Bh4 g5 4. f3 gxh4 5. fxe4 e6 6. Nf3 Be7 7. e3 a6 8. Bd3 Nc6 9. O-O Nb4 10.
Ne5 Nxd3 11. Nxf7 Rf8 12. Nxd8 Rxf1+ 13. Qxf1 d6 14. cxd3 Bxd8 15. Nc3 Be7 16. Qf3 b5 17. e5 Rb8 18. Qh5+ Kd7 19. Qxh7 b4 20. Ne4 Bb7 21.
exd6 cxd6 22. Rc1 Bc6 23. Rxc6 Kxc6 24. Qxe7 Kb5 25. Qxd6 Rb6 26. Qc5+ 1-0

[Event "Live Chess"]
[Site "Chess.com"]
[Date "2023.05.20"]
[Round "-"]
[White "SupremeTactician"]
[Black "elizaveta_frundina"]
[Result "1-0"]
[WhiteElo "2400"]
[BlackElo "1565"]
[TimeControl "300"]
[EndTime "12:09:25 PDT"]
[Termination "SupremeTactician won by resignation"]

1. e4 c5 2. Nf3 d6 3. c3 e6 4.
Bd3 e5 5. Bc2 Nf6 6. O-O Be7 7.
d3 O-O 8. Re1 Be6 9. Nbd2 Nc6 10. Nf1 d5 11. Ng3 dxe4 12. dxe4 Qxd1 13. Rxd1 Rad8 14. Bg5 h6 15. Bxf6 Bxf6 16. Rxd8 Rxd8 17. Rd1 Rxd1+ 18. Bxd1 b5 19. a3 a5 20. Be2 b4 21.
axb4 cxb4 22. Bb5 Na7 23. Ba4 Kf8 24. cxb4 axb4 25. Ne1 Ke7 26. Nd3 b3 27. Nc5 Kd6 28.
Nxe6 Kxe6 29. Bxb3+ Ke7 30. Nf5+ Kf8 31. Ba4 Nc8 32. Kf1 Bg5 33. Ke2 g6 34. Ne3 Ke7 35. Nd5+ Kd6 36. Be8 Bc1 37. b4 Ne7 38. Bxf7 Nxd5 39.
exd5 Ba3 40. b5 Kc5 41. Bxg6 Kxd5 42. Be8 Bc5 43. f3 e4 44. Bc6+ Kc4 45. fxe4 Kd4 46. Kf3 Ke5 47. h3 Bd4 48. h4 Kf6 49. g4 Kg6 50. Kf4 Kf6 51. g5+ hxg5+ 52. hxg5+ Kg6 53. Be8+ Kg7 54. Kf5 Bb6 55. e5 Be3 56. Ke6 Bxg5 57. b6 Be3 58. b7 Ba7 59. Kd7 Bb8 60. e6 Kf6 61. Bh5 Be5 62. e7 1-0

[Event "Live Chess"]
[Site "Chess.com"]
[Date "2023.05.20"]
[Round "-"]
[White "azimchess2019"]
[Black "Andysav3"]
[Result "0-1"]
[WhiteElo "1364"]
[BlackElo "1698"]
[TimeControl "300"]
[EndTime "12:09:26 PDT"]
[Termination "Andysav3 won by resignation"]

1. d4 Nf6 2. c4 c5 3. d5 b5 4. cxb5 a6 5. Nf3 axb5 6. Bf4 d6 7. e3 Qb6 8. Qb3 Ba6 9. Nc3 b4 10.
Nb1 Nbd7 11. Nbd2 g6 12. Bc4 Bg7 13. O-O O-O 14. a3 Bxc4 15. Qxc4 Rfb8 16. Rfb1 h6 17. e4 Ng4 18. h3 Nge5 19. Qc2 b3 20. Qd1 Ra4 21.
Ne1 c4 22. Be3 Nc5 23. Qe2 Qb5 24. f4 Ned3 25. Nxd3 Nxd3 26. Nf3 Nxb2 27. Rxb2 c3 28. Rbb1 Qxe2 29. Re1 Qd3 30. Rad1 Qc4 31. e5 c2 32. Rd4 Qb5 33. Rb4 Rxb4 34. axb4 Qxb4 35. Bd2 Qc5+ 36. Be3 Qxd5 37. Nd4 dxe5 38. fxe5 Bxe5 39.
Nf3 b2 40. Nxe5 Qxe5 41. Bf2 Qxe1+ 42. Bxe1 c1=Q 0-1

[Event "Live Chess"]
[Site "Chess.com"]
[Date "2023.05.20"]
[Round "-"]
[White "OSmith06"]
[Black "PaulyD81"]
[Result "1-0"]
[WhiteElo "1683"]
[BlackElo "1148"]
[TimeControl "300"]
[EndTime "12:09:34 PDT"]
[Termination "OSmith06 won by checkmate"]

1. e4 d5 2. exd5 Qxd5 3. Nf3 Nf6 4. d4 Qa5+ 5. Bd2 Qh5 6. Be2 Qd5 7. c4 Qd8 8. Nc3 Bf5 9. O-O e6 10. Bg5 Be7 11. Ne5 Ne4 12. Bxe7 Qxe7 13. Nxe4 Bxe4 14.
f3 Bg6 15. Nxg6 hxg6 16. Qa4+ Nd7 17. Rfe1 c6 18. d5 cxd5 19. cxd5 exd5 20. Bb5 Qxe1+ 21. Rxe1+ Kd8 22. Bxd7 a6 23. Be8 b5 24. Qa5+ Kc8 25. Rc1+ Kb7 26. Qc7# 1-0

[Event "Live Chess"]
[Site "Chess.com"]
[Date "2023.05.20"]
[Round "-"]
[White "MarkLim1"]
[Black "HoarseyHorsey"]
[Result "1-0"]
[WhiteElo "1672"]
[BlackElo "1384"]
[TimeControl "300"]
[EndTime "12:09:37 PDT"]
[Termination "MarkLim1 won by resignation"]

1. d4 Nf6 2. Nf3 d5 3. c4 e6 4. cxd5 exd5 5. Nc3 Bg4 6. Bg5 c6 7. e3 Be7 8. Be2 O-O 9. h3 Bh5 10. Bxf6 Bxf6 11. O-O Nd7 12. b4 Qc7 13. a4 a6 14. Qc2 b5 15. axb5 axb5 16. Nxd5 Rxa1 17. Rxa1 Qd6 18. Nxf6+ Nxf6 19. Ra6 Rc8 20. Ne5 Bxe2 21. Qxe2 Qxb4 22. Nxc6 Qb1+ 23. Kh2 Ne4 24. Ne7+ Kf8 25. Nxc8 1-0

[Event "Live Chess"]
[Site "Chess.com"]
[Date "2023.05.20"]
[Round "-"]
[White "JohanKjeldahl"]
[Black "PLZ909"]
[Result "1-0"]
[WhiteElo "1803"]
[BlackElo "1272"]
[TimeControl "300"]
[EndTime "12:09:42 PDT"]
[Termination "JohanKjeldahl won by checkmate"]

1. e4 d5 2. exd5 Qxd5 3. Nc3 Qa5 4. b4 Qb6 5. Nf3 Bg4 6. Be2 Nf6 7. O-O c6 8. a3 e6 9. Bb2 Nbd7 10. h3 h5 11. d3 O-O-O 12. Qe1 Bd6 13. Ne4 Nxe4 14. dxe4 Bb8 15. Nh2 Qc7 16. f4 Bxe2 17. Qxe2 f6 18. Rad1 e5 19. f5 h4 20. c4 Rhg8 21. c5 g6 22. Ng4 gxf5 23. Rxf5 Rg5 24. Rdf1 Rdg8 25.
Qc4 a6 26. Qe6 Qd8 27. Rxg5 fxg5 28. Nxe5 Bxe5 29. Bxe5 Re8 30. Qd6 Rxe5 31. Rf7 Re7 32. Rxe7 a5 33. e5 axb4 34. axb4 b6 35. Qxc6+ Kb8 36. Rxd7 Qxd7 37. Qxd7 Ka8 38. cxb6 g4 39. Qa7# 1-0

[Event "Live Chess"]
[Site "Chess.com"]
[Date "2023.05.20"]
[Round "-"]
[White "MaximKris"]
[Black "vovanada"]
[Result "1-0"]
[WhiteElo "1877"]
[BlackElo "811"]
[TimeControl "300"]
[EndTime "12:09:42 PDT"]
[Termination "MaximKris won by resignation"]

1. e4 e5 2. Nf3 Nc6 3. Bb5 a6 4. Bxc6 dxc6 5. O-O Nf6 6. d3 Bd6 7. Bg5 O-O 8. Nc3 h6 9. Bxf6 Qxf6 10. Qd2 Bg4 11. Qe2 Bxf3 12. Qxf3 Qxf3 13. gxf3 c5 14. Rad1 a5 15. Rfe1 a4 16. a3 c6 17. Ne2 b5 18.
Ng3 b4 19. axb4 cxb4 20. Nf5 Bc5 21. d4 exd4 22. Nxd4 Bxd4 23. Rxd4 b3 24. cxb3 axb3 25.
Rb4 Ra7 26. Rxb3 Rfa8 27. Rc1 Ra1 28. Rc3 R1a6 29. Rxc6 Rxc6 30. Rxc6 g5 31. b4 h5 32. b5 h4 33. b6 h3 34. Kf1 Ra1+ 35. Ke2 Ra2+ 36.
Ke3 Ra3+ 37. Kd4 Rxf3 38. b7 Rxf2 39. b8=Q+ Kg7 40. Qe5+ Kh7 41. Rf6 Rd2+ 42. Ke3 g4 1-0

[Event "Live Chess"]
[Site "Chess.com"]
[Date "2023.05.20"]
[Round "-"]
[White "WelshTiger"]
[Black "Bob2pen"]
[Result "1-0"]
[WhiteElo "2403"]
[BlackElo "1791"]
[TimeControl "300"]
[EndTime "12:09:46 PDT"]
[Termination "WelshTiger won by resignation"]

1. e4 e6 2. d4 d5 3. Nd2 Nf6 4. e5 Nfd7 5. Bd3 c5 6. c3 Nc6 7. Ne2 cxd4 8. cxd4 f6 9. Nf4 Nxd4 10. Qh5+ Ke7 11.
exf6+ Nxf6 12. Ng6+ hxg6 13. Qxh8 Kf7 14. Qh4 e5 15.
Nf3 Nxf3+ 16. gxf3 Bf5 17. Bxf5 gxf5 18. Bg5 Bb4+ 19. Kf1 Be7 20. Rc1 Qd6 21. Qa4 d4 22.
Qc4+ Qe6 23. Qxe6+ Kxe6 24. Rc7 Rd8 25. Rxb7 d3 26. Ke1 e4 27. fxe4 Nxe4 28. Rxe7+ Kd5 29. Rxe4 Kxe4 30. Bxd8 1-0

[Event "Live Chess"]
[Site "Chess.com"]
[Date "2023.05.20"]
[Round "-"]
[White "boilerboy1"]
[Black "Hacker_2009"]
[Result "0-1"]
[WhiteElo "1058"]
[BlackElo "1921"]
[TimeControl "300"]
[EndTime "12:09:50 PDT"]
[Termination "Hacker_2009 won by resignation"]

1. e4 c5 2. c3 d5 3. exd5 Qxd5 4.
Nf3 e6 5. d4 Nc6 6. Be3 cxd4 7.
cxd4 Nf6 8. Nc3 Bb4 9. Be2 Ne4 10. O-O Nxc3 11. bxc3 Bxc3 12. Rb1 O-O 13. a3 Ba5 14. Rb5 Qd8 15. Bg5 f6 16. Bh4 a6 17. Rc5 Bb6 18. Rh5 Qe8 19. g4 e5 20. dxe5 Bxg4 21.
Bc4+ Kh8 22. Rxh7+ Kxh7 23. Qd3+ Qg6 24. Qxg6+ Kxg6 25.
Bd3+ f5 26. Ng5 Nxe5 27. Bb1 Rh8 28. h3 Rxh4 29. hxg4 Rxg4+ 30. Kh1 Rh8+ 0-1

[Event "Live Chess"]
[Site "Chess.com"]
[Date "2023.05.20"]
[Round "-"]
[White "Tushinskiy"]
[Black "Sir_Sigmund"]
[Result "0-1"]
[WhiteElo "2105"]
[BlackElo "1930"]
[TimeControl "300"]
[EndTime "12:09:53 PDT"]
[Termination "Sir_Sigmund won on time"]

1. d4 Nf6 2. c3 d6 3. Nf3 Bg4 4. Bf4 Bxf3 5. gxf3 Nbd7 6. Nd2 h6 7. e4 Nh5 8. Bg3 Nxg3 9. hxg3 e6 10. Bd3 g6 11.
Qe2 Bg7 12. f4 Qe7 13. e5 dxe5 14. fxe5 O-O-O 15. O-O-O c5 16. Kb1 cxd4 17. cxd4 Qb4 18. Rc1+ Kb8 19. Rc4 Qe7 20. Nb3 Nb6 21. Rc2 Rc8 22.
Rhc1 Rxc2 23. Rxc2 Rc8 24. f4 Rxc2 25. Bxc2 Qc7 26. g4 Nd5 27. f5 gxf5 28. gxf5 Nb4 29. fxe6 fxe6 30. a3 Qxc2+ 31. Qxc2 Nxc2 32. Kxc2 b6 33.
Kd3 h5 34. Ke4 Bh6 35. Kf3 Bg5 36. Kg3 Kc7 37. Kf3 Kc6 38. Na1 Bc1 39. Nc2 Bxb2 40.
Ke4 h4 41. Nb4+ Kb5 42. d5 Bxa3 43. dxe6 Bxb4 0-1

[Event "Live Chess"]
[Site "Chess.com"]
[Date "2023.05.20"]
[Round "-"]
[White "seabuck"]
[Black "ramses-IIG"]
[Result "1-0"]
[WhiteElo "1857"]
[BlackElo "789"]
[TimeControl "300"]
[EndTime "12:10:00 PDT"]
[Termination "seabuck won by checkmate"]

1. d4 d5 2. c4 dxc4 3. Nc3 b5 4.
Nxb5 Ba6 5. Nc3 Nc6 6. e3 e5 7.
Qa4 Bb7 8. d5 Nf6 9. dxc6 Bc8 10.
Bxc4 Bd6 11. Nf3 O-O 12. e4 Ng4 13. h3 Nf6 14. Bg5 h6 15. Be3 a5 16. Rd1 Rb8 17.
Qc2 Nh5 18. Nxe5 Qf6 19. Nd7 Bxd7 20. cxd7 Rbd8 21. Bb5 Nf4 22. Bxf4 Qxf4 23. Nd5 Qg5 24. O-O Qe5 25. f4 Qf6 26. e5 Qh4 27. exd6 cxd6 28.
Qf2 Qh5 29. Rfe1 Rb8 30. a4 Rb7 31. Qf3 Qxf3 32. gxf3 f6 33. Re8 Kf7 34. Rxf8+ Kxf8 35. d8=Q+ Kf7 36. Qe8# 1-0